3019 views
Uploaded 2020-03-28 00:32:20
Game version 1.32.3
9:34 long 3on3 ladder game on (6)RollingHills
Saved by BEARAND
3019 views
Uploaded 2020-03-28 00:32:20
Game version 1.32.3
9:34 long 3on3 ladder game on (6)RollingHills


47 units @ 3.3k
/ 0k
82 buildings @ 5.3k
/ 2.2k

| Boots of Speed | 1 | 250 |
| Staff of Teleportation | 1 | 150 |
| total: | 2 | 400g |
| Wisp | 18 | 1080 | / | 0 |
| total: | 18 | 1080g | / | 0w |
| Altar of Elders | 1 | 180 | / | 50 |
| Moon Well | 7 | 1260 | / | 280 |
| Tree of Life | 1 | 340 | / | 185 |
| Hunter's Hall | 1 | 210 | / | 100 |
| Tree of Ages | 1 | 320 | / | 180 |
| Tree of Eternity | 1 | 330 | / | 200 |
| total: | 10 | 1990g | / | 615w |
| 0:01 | Wisp |
| 0:03 | Altar of Elders |
| 0:07 | Wisp |
| 0:16 | Wisp |
| 0:32 | Wisp |
| 0:49 | Moon Well |
| 0:50 | Wisp |
| 1:00 | Wisp |
| 1:08 | Wisp |
| 1:46 | Moon Well |
| 1:53 | Wisp |
| 2:07 | Wisp |
| 2:22 | Breath of Fire |
| 2:27 | Wisp |
| 2:47 | Moon Well |
| 3:05 | Wisp |
| 3:05 | Wisp |
| 3:16 | Wisp |
| 3:46 | Wisp |
| 4:15 | Moon Well |
| 4:17 | Wisp |
| 4:17 | Wisp |
| 4:34 | Wisp |
| 4:36 | Boots of Speed |
| 4:43 | Wisp |
| 4:53 | Tree of Ages |
| 5:12 | Moon Well |
| 5:48 | Tree of Life |
| 6:41 | Moon Well |
| 7:31 | Drunken Haze |
| 7:40 | Moon Well |
| 7:59 | Tree of Eternity |
| 8:03 | Staff of Teleportation |
| 8:41 | Hunter's Hall |
| Right click | 627 |
| Assign group | 423 |
| Chat | 135 |
| Select group | 134 |
| Resource trade | 85 |
| Select | 54 |
| Build/train/purchase | 25 |
| Use ability | 16 |
| Remove unit | 2 |
| Misc. action | 1 |
| Item give/drop | 1 |


| Staff of Teleportation | 1 | 150 |
| Boots of Speed | 1 | 250 |
| total: | 2 | 400g |
| Peasant | 15 | 1125 | / | 0 |
| total: | 15 | 1125g | / | 0w |
| Scout Tower | 25 | 750 | / | 500 |
| Arcane Tower | 1 | 70 | / | 50 |
| Guard Tower | 26 | 1820 | / | 1300 |
| Altar of Kings | 1 | 180 | / | 50 |
| Farm | 4 | 320 | / | 80 |
| Lumber Mill | 1 | 120 | / | 0 |
| Arcane Vault | 2 | 260 | / | 60 |
| Keep | 2 | 640 | / | 420 |
| Castle | 1 | 360 | / | 210 |
| total: | 33 | 1630g | / | 690w |
| 0:03 | Peasant |
| 0:03 | Peasant |
| 0:08 | Altar of Kings |
| 0:19 | Farm |
| 0:26 | Peasant |
| 0:36 | Lumber Mill |
| 0:47 | Peasant |
| 0:47 | Peasant |
| 0:54 | Peasant |
| 1:02 | Peasant |
| 1:19 | Farm |
| 1:21 | Peasant |
| 1:30 | Scout Tower |
| 1:35 | Scout Tower |
| 1:44 | Peasant |
| 1:44 | Peasant |
| 1:57 | Arcane Tower |
| 1:59 | Scout Tower |
| 2:04 | Peasant |
| 2:04 | Peasant |
| 2:05 | Peasant |
| 2:10 | Blizzard |
| 2:19 | Guard Tower |
| 2:23 | Peasant |
| 2:25 | Guard Tower |
| 2:28 | Scout Tower |
| 2:35 | Scout Tower |
| 2:38 | Scout Tower |
| 2:47 | Peasant |
| 2:55 | Guard Tower |
| 3:16 | Guard Tower |
| 3:17 | Scout Tower |
| 3:18 | Scout Tower |
| 3:20 | Scout Tower |
| 3:20 | Scout Tower |
| 3:39 | Improved Masonry |
| 4:11 | Guard Tower |
| 4:12 | Guard Tower |
| 4:12 | Keep |
| 4:13 | Scout Tower |
| 4:17 | Arcane Vault |
| 4:28 | Guard Tower |
| 4:31 | Farm |
| 4:32 | Farm |
| 4:50 | Guard Tower |
| 4:53 | Scout Tower |
| 4:54 | Scout Tower |
| 4:56 | Scout Tower |
| 4:57 | Scout Tower |
| 5:03 | Staff of Teleportation |
| 5:09 | Boots of Speed |
| 5:25 | Guard Tower |
| 5:28 | Guard Tower |
| 5:46 | Guard Tower |
| 5:47 | Scout Tower |
| 5:47 | Scout Tower |
| 5:48 | Scout Tower |
| 5:48 | Scout Tower |
| 5:49 | Guard Tower |
| 6:03 | Arcane Vault |
| 6:05 | Scout Tower |
| 6:29 | Guard Tower |
| 6:37 | Guard Tower |
| 7:08 | Brilliance Aura |
| 7:19 | Scout Tower |
| 7:27 | Scout Tower |
| 7:43 | Scout Tower |
| 7:51 | Scout Tower |
| 7:52 | Guard Tower |
| 7:55 | Scout Tower |
| 8:00 | Guard Tower |
| 8:03 | Castle |
| 9:00 | Storm Bolt |
| 9:24 | Guard Tower |
| 9:24 | Guard Tower |
| Right click | 667 |
| Select | 158 |
| Chat | 95 |
| Build/train/purchase | 61 |
| Select group | 18 |
| Use ability | 12 |
| Misc. action | 6 |
| Assign group | 5 |
| Minimap ping | 3 |
| Remove unit | 1 |


| Boots of Speed | 1 | 250 |
| Staff of Teleportation | 1 | 150 |
| Periapt of Vitality | 1 | 325 |
| total: | 3 | 725g |
| Peasant | 14 | 1050 | / | 0 |
| total: | 14 | 1050g | / | 0w |
| Scout Tower | 33 | 990 | / | 660 |
| Arcane Tower | 6 | 420 | / | 300 |
| Guard Tower | 17 | 1190 | / | 850 |
| Altar of Kings | 1 | 180 | / | 50 |
| Farm | 3 | 240 | / | 60 |
| Lumber Mill | 1 | 120 | / | 0 |
| Arcane Sanctum | 1 | 150 | / | 140 |
| Keep | 1 | 320 | / | 210 |
| total: | 39 | 1680g | / | 910w |
| 0:03 | Peasant |
| 0:03 | Peasant |
| 0:11 | Altar of Kings |
| 0:15 | Farm |
| 0:42 | Peasant |
| 0:42 | Peasant |
| 0:43 | Peasant |
| 0:49 | Lumber Mill |
| 1:03 | Scout Tower |
| 1:07 | Peasant |
| 1:10 | Farm |
| 1:15 | Peasant |
| 1:15 | Peasant |
| 1:26 | Scout Tower |
| 1:30 | Arcane Tower |
| 1:46 | Peasant |
| 1:51 | Farm |
| 1:57 | Scout Tower |
| 1:59 | Peasant |
| 2:05 | Arcane Tower |
| 2:11 | Blizzard |
| 2:13 | Scout Tower |
| 2:25 | Arcane Tower |
| 2:30 | Peasant |
| 2:31 | Peasant |
| 2:33 | Scout Tower |
| 2:39 | Scout Tower |
| 2:42 | Arcane Tower |
| 3:02 | Guard Tower |
| 3:04 | Scout Tower |
| 3:11 | Guard Tower |
| 3:14 | Scout Tower |
| 3:48 | Guard Tower |
| 3:50 | Scout Tower |
| 3:52 | Scout Tower |
| 3:53 | Peasant |
| 3:53 | Peasant |
| 3:56 | Improved Masonry |
| 4:27 | Guard Tower |
| 4:28 | Scout Tower |
| 4:30 | Scout Tower |
| 4:30 | Guard Tower |
| 4:33 | Boots of Speed |
| 4:33 | Staff of Teleportation |
| 4:41 | Periapt of Vitality |
| 4:54 | Scout Tower |
| 4:56 | Guard Tower |
| 4:57 | Scout Tower |
| 4:59 | Keep |
| 5:02 | Scout Tower |
| 5:03 | Guard Tower |
| 5:25 | Guard Tower |
| 5:29 | Scout Tower |
| 5:31 | Scout Tower |
| 5:32 | Guard Tower |
| 5:37 | Scout Tower |
| 6:01 | Guard Tower |
| 6:02 | Scout Tower |
| 6:03 | Scout Tower |
| 6:04 | Guard Tower |
| 6:07 | Scout Tower |
| 6:09 | Scout Tower |
| 6:11 | Scout Tower |
| 6:12 | Scout Tower |
| 6:39 | Guard Tower |
| 7:22 | Brilliance Aura |
| 7:43 | Guard Tower |
| 7:52 | Scout Tower |
| 7:52 | Scout Tower |
| 7:53 | Scout Tower |
| 7:54 | Scout Tower |
| 7:55 | Scout Tower |
| 7:56 | Scout Tower |
| 8:07 | Scout Tower |
| 8:08 | Scout Tower |
| 8:09 | Scout Tower |
| 8:25 | Arcane Sanctum |
| 8:49 | Guard Tower |
| 8:58 | Guard Tower |
| 9:02 | Guard Tower |
| 9:15 | Guard Tower |
| 9:18 | Storm Bolt |
| Right click | 421 |
| Select group | 137 |
| Select | 113 |
| Chat | 66 |
| Build/train/purchase | 53 |
| Misc. action | 13 |
| Use ability | 11 |
| Assign group | 7 |
| Minimap ping | 2 |
| Item give/drop | 1 |
61 units @ 7.3k
/ 0.5k
38 buildings @ 4.7k
/ 1.8k

| Peasant | 9 | 675 | / | 0 |
| Footman | 2 | 270 | / | 0 |
| Rifleman | 9 | 1845 | / | 270 |
| total: | 20 | 2790g | / | 270w |
| Scout Tower | 1 | 30 | / | 20 |
| Barracks | 1 | 160 | / | 60 |
| Altar of Kings | 1 | 180 | / | 50 |
| Farm | 6 | 480 | / | 120 |
| Blacksmith | 1 | 140 | / | 60 |
| Arcane Vault | 1 | 130 | / | 30 |
| Lumber Mill | 1 | 120 | / | 0 |
| Workshop | 2 | 280 | / | 280 |
| Keep | 1 | 320 | / | 210 |
| total: | 14 | 1520g | / | 620w |
| 0:03 | Peasant |
| 0:03 | Peasant |
| 0:21 | Barracks |
| 0:28 | Peasant |
| 0:31 | Altar of Kings |
| 0:36 | Farm |
| 0:48 | Peasant |
| 0:53 | Peasant |
| 1:13 | Farm |
| 1:27 | Footman |
| 1:29 | Peasant |
| 1:52 | Blacksmith |
| 2:02 | Arcane Vault |
| 2:07 | Farm |
| 2:08 | Footman |
| 2:13 | Peasant |
| 2:58 | Storm Bolt |
| 3:10 | Rifleman |
| 3:21 | Farm |
| 3:29 | Rifleman |
| 4:02 | Rifleman |
| 4:03 | Peasant |
| 4:04 | Peasant |
| 4:35 | Rifleman |
| 5:09 | Rifleman |
| 5:11 | Keep |
| 5:44 | Farm |
| 5:55 | Scout Tower |
| 5:57 | Lumber Mill |
| 6:34 | Rifleman |
| 6:37 | Bash |
| 6:42 | Farm |
| 7:13 | Rifleman |
| 7:31 | Rifleman |
| 7:35 | Workshop |
| 7:45 | Workshop |
| 8:49 | Rifleman |
| Right click | 190 |
| Select | 77 |
| Select group | 76 |
| Chat | 39 |
| Misc. action | 32 |
| Build/train/purchase | 25 |
| Assign group | 7 |
| Use ability | 2 |

| Wisp | 13 | 780 | / | 0 |
| Huntress | 9 | 1755 | / | 180 |
| total: | 22 | 2535g | / | 180w |
| Ancient Protector | 1 | 135 | / | 80 |
| Altar of Elders | 1 | 180 | / | 50 |
| Moon Well | 4 | 720 | / | 160 |
| Ancient of War | 2 | 300 | / | 120 |
| Hunter's Hall | 1 | 210 | / | 100 |
| Tree of Ages | 1 | 320 | / | 180 |
| total: | 9 | 1545g | / | 510w |
| 0:02 | Wisp |
| 0:02 | Wisp |
| 0:08 | Altar of Elders |
| 0:18 | Moon Well |
| 0:20 | Wisp |
| 0:36 | Wisp |
| 0:36 | Wisp |
| 0:48 | Wisp |
| 0:57 | Wisp |
| 1:13 | Wisp |
| 1:31 | Ancient of War |
| 1:36 | Hunter's Hall |
| 1:51 | Moon Well |
| 2:01 | Wisp |
| 2:12 | Entangling Roots |
| 2:21 | Ancient of War |
| 2:42 | Huntress |
| 2:46 | Moon Well |
| 3:22 | Huntress |
| 3:37 | Huntress |
| 3:47 | Ancient Protector |
| 4:00 | Huntress |
| 4:17 | Huntress |
| 4:25 | Wisp |
| 4:26 | Wisp |
| 5:10 | Huntress |
| 5:31 | Wisp |
| 5:31 | Wisp |
| 6:31 | Thorns Aura |
| 6:55 | Huntress |
| 7:16 | Tree of Ages |
| 7:18 | Huntress |
| 7:32 | Huntress |
| 8:07 | Moon Well |
| Select | 95 |
| Right click | 88 |
| Select group | 62 |
| Chat | 32 |
| Misc. action | 29 |
| Build/train/purchase | 27 |
| Assign group | 10 |
| Use ability | 8 |
| Minimap ping | 1 |

| Scroll of Regeneration | 2 | 200 |
| Lesser Clarity Potion | 2 | 140 |
| total: | 4 | 340g |
| Peasant | 10 | 750 | / | 0 |
| Footman | 9 | 1215 | / | 0 |
| total: | 19 | 1965g | / | 0w |
| Scout Tower | 1 | 30 | / | 20 |
| Arcane Tower | 1 | 70 | / | 50 |
| Barracks | 1 | 160 | / | 60 |
| Farm | 7 | 560 | / | 140 |
| Altar of Kings | 1 | 180 | / | 50 |
| Arcane Vault | 1 | 130 | / | 30 |
| Lumber Mill | 1 | 120 | / | 0 |
| Blacksmith | 1 | 140 | / | 60 |
| Arcane Sanctum | 2 | 300 | / | 280 |
| Keep | 1 | 320 | / | 210 |
| total: | 15 | 1620g | / | 640w |
| 0:07 | Peasant |
| 0:07 | Peasant |
| 0:07 | Peasant |
| 0:24 | Peasant |
| 0:55 | Barracks |
| 0:57 | Peasant |
| 0:58 | Peasant |
| 1:08 | Farm |
| 1:11 | Altar of Kings |
| 1:14 | Peasant |
| 1:19 | Farm |
| 1:25 | Peasant |
| 1:39 | Scout Tower |
| 1:59 | Footman |
| 1:59 | Footman |
| 2:02 | Farm |
| 2:27 | Arcane Tower |
| 2:30 | Footman |
| 2:32 | Farm |
| 3:46 | Summon Water Elemental |
| 3:52 | Footman |
| 3:52 | Footman |
| 4:36 | Arcane Vault |
| 4:45 | Keep |
| 4:50 | Lumber Mill |
| 5:17 | Defend |
| 5:22 | Blacksmith |
| 5:39 | Brilliance Aura |
| 6:18 | Footman |
| 6:19 | Footman |
| 6:23 | Farm |
| 6:24 | Farm |
| 6:27 | Farm |
| 7:16 | Footman |
| 7:16 | Footman |
| 7:20 | Peasant |
| 7:21 | Peasant |
| 7:24 | Arcane Sanctum |
| 7:30 | Arcane Sanctum |
| 7:44 | Scroll of Regeneration |
| 7:48 | Scroll of Regeneration |
| 7:50 | Lesser Clarity Potion |
| 7:52 | Lesser Clarity Potion |
| Right click | 209 |
| Select group | 170 |
| Select | 93 |
| Build/train/purchase | 47 |
| Assign group | 23 |
| Esc | 2 |
| Item give/drop | 1 |
⇛